Map: Hardwire LE

Players

IIIIIIIIIIII - Winner!

  • Race: Terran Terran
  • League: Diamond

ElCascador

  • Race: Zerg Zerg
  • League: Diamond

VOD

Have the link to the VOD?

Description

ZvT against bio with initial failed nydus

Time

  • Played on: March 29, 2022, 9:49 a.m.
  • Length: 17:51
Show
View Real Time Build Order
Export as new Build Order

IIIIIIIIIIII Terran - Winner!

Build Orders: Reaper Expand 

Get SALT Encoding   

  12  0:00  SCV  
  13  0:12  SCV  
  14  0:16  Supply Depot  
  14  0:24  SCV  
  15  0:38  SCV  
  15  0:39  Barracks  
  16  0:46  Refinery  
  16  0:50  SCV  
  17  1:02  SCV  
  18  1:14  SCV  
  19  1:27  Orbital Command  
  19  1:30  Reaper  
  20  1:40  Command Center  
  20  1:52  Supply Depot  
  20  1:53  SCV  
  21  2:05  SCV  
  22  2:09  Barracks Reactor  
  22  2:12  Refinery  
  22  2:17  SCV  
  23  2:25  Factory  
  23  2:29  SCV  
  24  2:41  SCV  
  25  2:45  Marine x2  
  27  2:53  SCV  
  27  2:54  Orbital Command  
  27  2:57  Barracks  
  28  3:05  Marine x2  
  29  3:06  SCV  
  29  3:08  Factory Tech Lab  
  29  3:11  Starport  
  31  3:20  Bunker, SCV  
  32  3:32  SCV  
  33  3:35  SCV  
  33  3:36  Siege Tank  
  33  3:38  Marine x2  
  39  3:44  SCV  
  39  3:47  SCV  
  40  3:56  Viking  
  40  3:58  Marine x2  
  40  3:59  Barracks Tech Lab  
  40  4:01  SCV x2  
  46  4:05  Barracks  
  46  4:08  Bunker  
  46  4:20  Supply Depot x3, Stimpack  
  46  4:36  Starport Reactor  
  46  4:42  Siege Tank, SCV x2  
  51  4:53  Marine x3  
  54  5:03  SCV x2  
  54  5:06  Refinery  
  56  5:07  Refinery  
  56  5:09  Supply Depot  
  56  5:10  Supply Depot  
  59  5:14  Siege Tank  
  59  5:15  SCV x2  
  59  5:20  Barracks Reactor  
  59  5:21  Marauder, Marine x2  
  63  5:23  Medivac  
  63  5:27  SCV x2  
  63  5:28  Supply Depot  
  69  5:31  Supply Depot  
  69  5:39  SCV x2  
  71  5:44  Barracks  
  71  5:46  Barracks  
  71  5:48  Barracks  
  71  5:51  SCV x2  
  71  5:52  Marine x2  
  75  5:59  Command Center  
  75  6:01  Medivac x2  
  79  6:09  Siege Tank  
  79  6:10  Marine  
  79  6:11  Marauder, Marine  
  86  6:12  Marine  
  86  6:14  Marine  
  88  6:28  Marine x2  
  88  6:32  Marauder  
  92  6:33  Marine x2  
  92  6:38  Barracks Tech Lab  
  92  6:39  Barracks Reactor  
  94  6:40  Barracks Reactor  
  94  6:48  Marine x2  
  94  6:51  Marine  
  94  6:54  Marauder  
  99  6:59  Engineering Bay  
  99  7:00  Engineering Bay  
  99  7:01  Marauder, Marine  
  102  7:11  Orbital Command, Siege Tank  
  102  7:15  Marauder  
  107  7:18  Marine x5  
  107  7:20  Combat Shield  
  114  7:23  Marauder  
  114  7:28  Marine  
  114  7:29  Concussive Shells  
  115  7:36  Marauder  
  115  7:51  Orbital Command  
  90  8:02  Marine x2  
  90  8:03  Marauder x2, Marine x5  
  90  8:05  Marine  
  99  8:18  SCV x3  
  102  8:20  Marine x3  
  102  8:24  Marauder x2  
  109  8:30  SCV x2  
  109  8:31  SCV  
  109  8:33  Marine x5  
  117  8:37  Sensor Tower  
  117  8:51  Supply Depot x3, Factory  
  117  8:52  Supply Depot  
  117  8:54  Supply Depot  
  117  8:56  Supply Depot  
  117  8:58  Terran Infantry Armor Level 1, Terran Infantry Weapons Level 1  
  117  9:00  Armory  
  117  9:12  Marauder, Marine x3, Siege Tank, SCV  
  117  9:13  Marauder, SCV  
  129  9:29  Marine x5  
  134  9:34  Marauder x2  
  134  9:35  SCV x3  
  141  9:41  Command Center  
  141  9:43  Factory Tech Lab  
  141  9:44  Siege Tank  
  144  9:46  Marine, Medivac x2  
  144  9:47  Refinery, SCV x3  
  144  9:48  Refinery  
  152  9:59  SCV  
  143  10:27  Marine x6  
  143  10:28  Siege Tank x2  
  152  10:35  Marine x4  
  159  10:39  Terran Vehicle Weapons Level 1  
  159  10:45  Marine x3  
  162  10:59  Terran Infantry Armor Level 2, Terran Infantry Weapons Level 2  
  162  11:00  Marine x5, Siege Tank  
  162  11:03  Sensor Tower  
  170  11:06  Command Center  
  170  11:16  Medivac x2  
  170  11:17  Marine x6  
  180  11:25  Marine  
  180  11:28  Marine  
  165  11:46  Medivac x2  
  167  11:52  Planetary Fortress  
  167  11:53  SCV  
  167  11:54  SCV x2  
  170  11:57  Command Center  
  170  12:05  SCV  
  170  12:06  SCV x2  
  173  12:11  Siege Tank  
  173  12:12  Sensor Tower, Siege Tank  
  173  12:14  Missile Turret  
  179  12:18  SCV  
  179  12:22  Ghost Academy  
  180  12:28  Supply Depot  
  180  12:30  Supply Depot  
  180  12:31  Command Center  
  180  12:49  Marine x5, Medivac, SCV  
  188  12:51  Marine x4, SCV x2  
  194  12:58  Refinery  
  194  13:01  SCV  
  194  13:03  SCV  
  196  13:05  Refinery  
  196  13:09  SCV  
  197  13:16  SCV  
  197  13:18  Marine  
  197  13:19  Marine  
  200  13:20  Enhanced Shockwaves  
  200  13:40  Barracks x2  
  126  14:04  Marauder, Marine x4  
  126  14:05  Marauder, Marine  
  117  14:14  SCV  
  117  14:15  Marine x3  
  117  14:16  Siege Tank  
  117  14:17  Medivac, Siege Tank  
  100  14:22  Marine x5  
  107  14:26  Marauder x2, SCV  
  107  14:27  Planetary Fortress  
  112  14:33  Marine x3  
  112  14:36  Medivac  
  115  14:39  Personal Cloaking, SCV  
  115  14:40  Marine x5  
  121  14:47  Marauder x2, Medivac  
  121  14:48  Siege Tank  
  121  14:49  Siege Tank  
  121  14:51  Marine x3, SCV  
  137  14:57  Marine  
  137  14:58  Marine x4  
  142  15:01  SCV  
  142  15:03  SCV  
  142  15:05  Medivac  
  142  15:06  SCV  
  147  15:08  Marine x3, Planetary Fortress  
  147  15:09  Marine x2  
  147  15:13  SCV  
  153  15:15  Marine x2  
  153  15:16  Marine x3  
  153  15:17  Medivac  
  153  15:18  SCV  
  153  15:19  Barracks Tech Lab x2  
  153  15:21  Siege Tank x2  
  167  15:25  SCV  
  167  15:26  Marine x3  
  167  15:27  Marine x2  
  173  15:30  SCV  
  173  15:35  Barracks x2  
  166  15:37  SCV  
  166  15:38  Barracks  
  166  15:42  SCV  
  168  15:48  SCV  
  168  15:49  SCV  
  170  15:54  SCV  
  171  16:00  SCV  
  172  16:04  Nuke  
  172  16:06  SCV  
  173  16:12  SCV  
  173  16:16  Marine x2, Siege Tank x2  
  182  16:19  SCV  
  182  16:24  SCV  
  184  16:31  SCV  
  176  16:36  SCV  
  177  16:48  Siege Tank x2  
  177  16:50  Marine  
  177  16:51  Marine x6  
  189  17:01  Barracks Tech Lab x2  
  189  17:02  Ghost x2, Barracks Tech Lab  
  166  17:32  Marine x13  
Show
View Real Time Build Order
Export as new Build Order

ElCascador Zerg 

Build Orders: Hatch First, Roach Nydus 

Get SALT Encoding   

  12  0:00  Drone  
  13  0:11  Drone  
  14  0:16  Overlord  
  14  0:34  Drone  
  14  0:35  Drone  
  16  0:49  Hatchery  
  15  0:55  Drone  
  15  0:56  Drone  
  17  0:59  Drone  
  18  1:13  Spawning Pool  
  18  1:18  Drone  
  18  1:19  Extractor  
  18  1:21  Drone  
  18  1:31  Drone  
  19  1:41  Drone  
  20  1:51  Overlord  
  20  2:01  Zergling x2  
  20  2:02  Zergling x2, Queen x2  
  26  2:12  Drone x2  
  28  2:24  Drone  
  28  2:25  Drone  
  30  2:36  Drone x2  
  32  2:40  Queen  
  32  2:42  Lair  
  32  2:43  Overlord  
  33  2:51  Drone  
  34  2:55  Drone  
  35  3:06  Drone x2  
  37  3:14  Extractor  
  37  3:16  Extractor, Queen  
  37  3:21  Overlord  
  37  3:22  Overlord  
  37  3:25  Drone x5  
  42  3:34  Roach Warren  
  42  3:38  Drone x2  
  43  3:49  Nydus Network  
  42  3:55  Drone x2  
  42  3:56  Drone x3  
  46  4:16  Roach x3  
  46  4:17  Roach x2  
  56  4:19  Overlord  
  56  4:32  Nydus Canal  
  56  4:36  Roach  
  58  4:46  Drone  
  58  4:51  Overlord x2, Baneling Nest  
  58  4:59  Hatchery  
  57  5:07  Metabolic Boost  
  57  5:13  Hydralisk Den  
  56  5:17  Zergling x12  
  62  5:44  Hydralisk x6  
  62  5:46  Overlord  
  62  5:47  Overlord  
  74  5:51  Overlord  
  74  6:05  Drone x4  
  74  6:08  Evolution Chamber  
  74  6:09  Evolution Chamber  
  76  6:14  Overlord x2  
  76  6:19  Queen  
  78  6:30  Centrifugal Hooks  
  78  6:32  Drone x9  
  86  6:41  Zergling x10  
  91  6:52  Zerg Missile Weapons Level 1  
  91  6:53  Zerg Ground Armor Level 1  
  91  7:02  Zergling x18  
  91  7:03  Zergling x4  
  91  7:06  Overlord x2  
  102  7:25  Baneling x13  
  102  7:31  Zergling x24  
  96  7:55  Hydralisk x5  
  99  8:07  Drone  
  99  8:08  Drone x11  
  111  8:25  Hatchery  
  108  8:35  Muscular Augments  
  106  8:42  Extractor x2  
  104  8:58  Hydralisk  
  104  8:59  Hydralisk x3  
  104  9:01  Zergling x2  
  104  9:02  Zergling x28  
  127  9:10  Overlord x4  
  127  9:11  Hatchery  
  126  9:29  Baneling x13  
  126  9:31  Zergling x20  
  130  10:18  Hydralisk Den  
  128  10:26  Spine Crawler, Spore Crawler  
  128  10:27  Zergling x2  
  128  10:28  Zergling x52  
  153  10:46  Baneling  
  153  10:47  Baneling x22  
  152  11:10  Zerg Missile Weapons Level 2  
  152  11:11  Zerg Ground Armor Level 2  
  130  11:51  Spine Crawler  
  129  11:55  Baneling x3  
  129  11:56  Baneling x11  
  129  11:58  Zergling x16  
  129  11:59  Zergling x40  
  157  12:03  Overlord x2  
  157  12:04  Overlord x2  
  157  12:11  Spine Crawler  
  157  12:13  Hatchery, Queen  
  157  12:18  Grooved Spines  
  157  12:45  Hydralisk  
  157  12:46  Hydralisk x8  
  174  12:57  Hydralisk x2  
  174  12:58  Hydralisk  
  180  13:34  Baneling x11  
  180  13:35  Baneling x5  
  119  14:00  Hydralisk x11  
  127  14:06  Zergling x10  
  125  14:16  Zergling x8  
  124  14:30  Drone x7  
  131  14:32  Drone  
  130  14:43  Zerg Melee Weapons Level 1  
  123  14:48  Evolution Chamber  
  122  14:57  Queen  
  122  14:58  Drone x5  
  129  15:02  Extractor  
  129  15:03  Extractor  
  127  15:14  Spine Crawler  
  127  15:18  Zergling x16  
  134  15:22  Baneling x4  
  134  15:23  Baneling  
  112  15:47  Baneling x7  
  112  15:48  Zergling x18, Baneling x7  
  120  16:03  Zergling x18  
  125  16:54  Hatchery  
  124  17:03  Drone x17  
  124  17:04  Drone x7  
  116  17:24  Zergling x16  
Tags
 
Add a new tag
Caveats
  • Supply blocks, unpowered buildings, or Contaminate may cause inaccurate times.
  • Supply counts are checked every 10 seconds.